 Dungeon Crawl Stone Soup version 0.29.1-15-g9cfb28693d (webtiles) character file.

Game seed: 9224893060396869847

34 386 the Trooper (level 3, 28/29 HPs)
             Began as a Demonspawn Fighter on Mar 22, 2023.
             Quit the game on level 2 of the Dungeon.
             The game lasted 00:02:43 (1095 turns).

386 the Trooper (Demonspawn Fighter)                Turns: 1095, Time: 00:02:44

Health: 28/29      AC:  6    Str: 18    XL:     3   Next: 14%
Magic:  3/3        EV: 11    Int:  9    God:
Gold:   61         SH:  4    Dex: 12    Spells: 2/2 levels left

rFire   . . .      SeeInvis .   a - +0 war axe
rCold   . . .      Faith    .   c - +0 buckler
rNeg    . . .      Spirit   .   b - +0 scale mail
rPois   .          Reflect  .   (no helmet)
rElec   .          Harm     .   (no cloak)
rCorr   .          Rampage  .   (no gloves)
Will    .....                   (no boots)
Stlth   ..........              (no amulet)
HPRegen 0.09/turn               (no ring)
MPRegen 0.08/turn               (no ring)

@: no status effects
A: repulsion field 1, spiny 1
a: no special abilities


You were on level 2 of the Dungeon.
You visited 1 branch of the dungeon, and saw 2 of its levels.

You collected 61 gold pieces.

Inventory:

Hand Weapons
 a - a +0 war axe (weapon)
Missiles
 k - 3 poisoned darts (quivered)
Armour
 b - a +0 scale mail (worn)
 c - a +0 buckler (worn)
 p - a +0 cloak
Scrolls
 e - 3 scrolls of identify {unknown}
 f - 2 scrolls of summoning {unknown}
 g - a scroll of torment {unknown}
 h - a scroll of fear {unknown}
 l - a scroll of butterflies {unknown}
 m - a scroll of blinking {unknown}
 n - a scroll of immolation {unknown}
 o - 2 scrolls of vulnerability {unknown}
 q - a scroll of enchant armour {unknown}
Potions
 d - a potion of might
 i - a potion of lignification {unknown}
 j - 2 potions of heal wounds {unknown}


   Skills:
 + Level 3.3 Fighting
 + Level 2.2 Axes
 + Level 3.0 Armour
 + Level 3.0 Shields


You had 2 spell levels left.
You didn't know any spells.
Your spell library was empty.

Dungeon Overview and Level Annotations

Branches:
Dungeon (2/15)

Altars:
Qazlal

Shops:
D:2 [

Annotations:
D:1 2 runed translucent doors


Innate Abilities, Weirdness & Mutations

You are surrounded by a mild repulsion field. (EV +2)
You are partially covered in sharp spines.


Message History

The hobgoblin completely misses you.
The hobgoblin hits you but does no damage.
You barely miss the hobgoblin.
The hobgoblin is severely wounded.
The hobgoblin is struck by your spines. The hobgoblin barely misses you.
You hit the hobgoblin but do no damage.
The hobgoblin is almost dead.
The hobgoblin hits you. The hobgoblin closely misses you.
You hit the hobgoblin but do no damage.
The hobgoblin is almost dead.
The hobgoblin hits you but does no damage.
You slash the hobgoblin!
You kill the hobgoblin!
No target in view!
No target in view!
HP restored.
q - a scroll labelled PID IGRIZXEFRE
Found an escape hatch in the floor.
There is an escape hatch in the floor here.
An adder comes into view.
An adder is nearby!
An adder is nearby!
A gnoll comes into view. It is wielding a +0 whip.
The gnoll shouts!
The adder is struck by your spines. The adder bites you.
You hit the adder.
The adder is severely wounded.
The adder is struck by your spines. The adder bites you but does no damage.
A gnoll comes into view. It is wielding a +0 spear.
The adder completely misses you.
You miss the adder.
The adder is almost dead.
The adder is struck by your spines.
You kill the adder!
You have reached level 3!
Your experience leads to an increase in your attributes!
Increase (S)trength, (I)ntelligence, or (D)exterity?
You feel stronger. x2; Your demonic ancestry asserts itself...
You begin to radiate repulsive energy.
Are you sure you want to abandon this character and quit the game? (Confirm with "yes".)

#####........#........#
# #........#####..).# #
#........# #.....#
#........####>..#.#...
#....................#
########.###.#.####..#
......#.# ..# ####
###.#####.#### .. ....
..g.g..@.....# ###
....#####....# ###. .
#$#### .... #.# ##. ..#
.... ..# ###. ..# ..#
.# ...


You could see 2 gnolls.

Vanquished Creatures
  An adder (D:2)
  A worm (D:2)
  2 goblins (D:2)
  2 hobgoblins
  3 quokkas
  6 ball pythons (D:1)
  2 bats
  A frilled lizard (D:2)
  4 rats (D:1)
22 creatures vanquished.

Notes
Turn   | Place    | Note
-------+----------+-------------------------------------------
     0 | D:1      | 386 the Demonspawn Fighter began the quest for the Orb.
     0 | D:1      | Reached XP level 1. HP: 18/18 MP: 1/1
   149 | D:1      | Found a large runed translucent door.
   149 | D:1      | Found a large runed translucent door.
   154 | D:1      | Noticed an orc warrior
   231 | D:1      | Gained mutation: You are partially covered in sharp spines.
                  | [demonic ancestry]
   231 | D:1      | Reached XP level 2. HP: 20/24 MP: 2/2
  1005 | D:2      | Found Wubawk's Armour Shop.
  1052 | D:2      | Found a stormy altar of Qazlal.
  1095 | D:2      | Gained mutation: You are surrounded by a mild repulsion
                  | field. (EV +2) [demonic ancestry]
  1095 | D:2      | Reached XP level 3. HP: 28/29 MP: 3/3
  1095 | D:2      | Quit the game

Illustrated notes

Levels and vault maps discovered:
D:1:      erik_arrival_cave_to_civilisation [erik_arrival_cave_to_temple],
          layout_basic, serial_glass, glass_columns_a, glass_columns_c,
          glass_columns_c, glass_columns_a, glass_columns_c, glass_columns_b,
          due_unseen_surprise, minmay_strange_pillars, minivault_25
D:2:      layout_rooms, basic_altar, shapermc_ecumenical_altar_petra,
          serial_shops, shop, grunt_decor_mini_mirrors, uniq_terence,
          uniq_sigmund

Skill      XL: |  1  2 |
---------------+-------+-----
Axes           | 2 |  2.2
Armour         | 3 |  3.0
Shields        | 3 |  3.0
Fighting       | |  3.3

Action                   || total
-------------------------++-------
Melee: War axe           ||    43
Armor: Scale mail        ||    16
Dodge: Dodged            ||    15
Block: Buckler           ||     9
